 Dungeon Crawl Stone Soup version 0.22-a0-815-gb582571 (webtiles) character file.

3 iamserjio the Ducker (level 1, -2/11 HPs)
             Began as a Spriggan Monk on July 23, 2018.
             Slain by Terence
             ... wielding a +0 falchion
              (4 damage)
             ... on level 2 of the Dungeon.
             The game lasted 00:01:05 (137 turns).

iamserjio the Ducker (Spriggan Monk)                 Turns: 137, Time: 00:01:06

Health: -2/11      AC:  2    Str:  7    XL:     1   Next: 41%
Magic:  2/2        EV: 20    Int: 11    God:
Gold:   0          SH:  0    Dex: 18    Spells: 0/0 levels left

rFire    . . .     SeeInvis +   e - +0 dagger (venom)
rCold    . . .     Gourm    .   (shield restricted)
rNeg     . . .     Faith    .   b - +0 robe
rPois    .         Spirit   .   (helmet restricted)
rElec    .         Reflect  .   (no cloak)
rCorr    .         Harm     .   (gloves unavailable)
MR       .....                  (boots unavailable)
Stlth    +++.......             (no amulet)
HPRegen  0.03/turn              (no ring)
MPRegen  0.08/turn              (no ring)

@: very quick
A: very small, unfitting armour, see invisible, herbivore, speed 3, slow
metabolism 2
a: no special abilities


You were on level 2 of the Dungeon.
You were not hungry.

You visited 1 branch of the dungeon, and saw 2 of its levels.

Inventory:

Hand Weapons
 a - a +0 short sword
 e - a +0 dagger of venom (weapon)
Armour
 b - a +0 robe (worn)
Scrolls
 d - a scroll of blinking {unknown}
 f - a scroll of fog {unknown}
Comestibles
 c - 2 rations


   Skills:
 - Level 2.4 Fighting
 - Level 3.2 Short Blades
 + Level 4.5 Dodging
 * Level 3.4 Stealth


You couldn't memorise any spells.
You didn't know any spells.
Your spell library was empty.

Dungeon Overview and Level Annotations

Branches:
Dungeon (2/15)

Altars:

Annotations:
D:2 Terence


Innate Abilities, Weirdness & Mutations

You are very small and have problems with some larger weapons.
You are too small for most types of armour.
You have supernaturally acute eyesight. (SInv)
You are a herbivore.
You cover ground extremely quickly.
You need to consume almost no food.


Message History

Terence is moderately wounded.
The hobgoblin misses you. Terence misses you.
You barely miss the hobgoblin.
A kobold comes into view. It is wielding a short sword.
The hobgoblin hits you but does no damage.
Terence completely misses you.
You barely miss the hobgoblin. The hobgoblin hits you with a club.
Terence hits you with a falchion.
* * * LOW HITPOINT WARNING * * *
You hit the hobgoblin.
The hobgoblin is poisoned.
The hobgoblin is moderately wounded.
You closely miss the hobgoblin.
The hobgoblin is severely wounded.
The hobgoblin hits you with a club.
* * * LOW HITPOINT WARNING * * *
You kill the hobgoblin!
You hit Terence but do no damage.
Terence is almost dead.
Terence hits you with a falchion.
You die...

#.# #.# .. ... #.# #.# ......
#.# #.# . ...... ####.# #.#
#.#.##.# #.)..# #.#
#.#.##.####....#######.### #
......... +....@@........ .#
#.#.##.####...)#######.##..#.#.
.........(......g...K..........
###.##.#######..@........#.#.#.
....##...................#
.##############..........# .#
#..........# .# #..........# .#
####...#.###


You could see Terence.

Vanquished Creatures
  A goblin (D:1)
  A hobgoblin (D:2)
  A frilled lizard (D:2)
3 creatures vanquished.

Notes
Turn   | Place    | Note
-------+----------+-------------------------------------------
     0 | D:1      | iamserjio the Spriggan Monk began the quest for the Orb.
     0 | D:1      | Reached XP level 1. HP: 11/11 MP: 2/2
   105 | D:2      | Noticed Terence
   137 | D:2      | Slain by Terence

Vault maps used:
D:1:      lemuel_arrival_behind_the_door_small
D:2:      marbit_many_paths, uniq_terence, uniq_sigmund

Action                   || total
-------------------------++-------
Melee: Dagger            ||    10
       Short sword       ||     1
 Stab: Sleeping          ||     2
Dodge: Dodged            ||     5

Table legend:
 A = Spawn XP
 B = Non-spawn XP
 C = Spawn XP percentage of total XP
 D = Spawn monster count
 E = Non-spawn monster count
 F = Spawn count percentage of total count
 G = Total turns spent on level
                    A         B        C        D         E        F      G
               +---------+---------+-------+---------+---------+-------+---------
         Total |       0 |       5 |   0.0 |       0 |       3 |   0.0 |   137
               +---------+---------+-------+---------+---------+-------+---------
           D:1 |       0 |       2 |   0.0 |       0 |       1 |   0.0 |    53
           D:2 |       0 |       3 |   0.0 |       0 |       2 |   0.0 |    84
               +---------+---------+-------+---------+---------+-------+---------
